UAA
WESTWOOD SIXSHOOTERS @ LEUPP ARROWHEADS
06/16/2019
 
TOP OF THE 1ST
Westwood Sixshooters batting - Pitching for Leupp Arrowheads : RHP Steve Brown
Pitching: RHP Steve Brown
Batting: SHB Bob Rogers 0-0: Called Strike
0-1: Ball
1-1: Foul Ball, location: 2F
1-2: Foul Ball, location: 2F
1-2: Fly out, F7 (Flyball, 7M)
Batting: RHB Brandon Cooper 0-0: Foul Ball, location: 2F
0-1: SINGLE (Line Drive, 7LS)
Batting: LHB Juan Ríos 0-0: Ball
1-0: Ball
2-0: Fly out, F8 (Flyball, 89M)
Batting: RHB Ángel Bruno 0-0: Called Strike
0-1: Ball
1-1: SINGLE (Line Drive, 56)
Brandon Cooper to second
Batting: SHB Tim Moss 0-0: Ball
1-0: Ball
2-0: Ball
3-0: Base on Balls
Brandon Cooper to third
Ángel Bruno to second
Batting: RHB Barnett Armstrong 0-0: Ball
1-0: Foul Ball, location: 2F
1-1: Called Strike
1-2: Ball
2-2: Ball
3-2: Fly out, F9 (Flyball, 89M)
Top of the 1st over - 0 run(s), 2 hit(s), 0 error(s), 3 left on base; Westwood 0 - Leupp 0
BOTTOM OF THE 1ST
Leupp Arrowheads batting - Pitching for Westwood Sixshooters : LHP John Fowler
Pitching: LHP John Fowler
Batting: RHB Gabriel Pérez 0-0: Foul Ball, location: 2F
0-1: Bunt missed!
0-2: Ball
1-2: Strikes out swinging
Batting: RHB John Moore 0-0: Ball
1-0: Ball
2-0: Ball
3-0: Called Strike
3-1: Swinging Strike
3-2: Base on Balls
Batting: RHB Tamasaburo Kato 0-0: Called Strike
0-1: Ball
1-1: Swinging Strike
1-2: Foul Ball, location: 2F
1-2: Strikes out swinging
Batting: RHB Juan Tapia 0-0: Called Strike
0-1: Called Strike
0-2: Ball
1-2: Strikes out swinging
Bottom of the 1st over - 0 run(s), 0 hit(s), 0 error(s), 1 left on base; Westwood 0 - Leupp 0
TOP OF THE 2ND
Westwood Sixshooters batting - Pitching for Leupp Arrowheads : RHP Steve Brown
Batting: RHB Wayne Rose 0-0: Called Strike
0-1: Ball
1-1: Ball
2-1: SINGLE (Groundball, 6MD)
Batting: RHB Ronnie Cleveland 0-0: Swinging Strike
0-1: Swinging Strike
0-2: Strikes out swinging
Batting: LHB Luis Medina 0-0: Ball
1-0: Ball
2-0: Called Strike
2-1: Foul Ball, location: 2F
2-2: DOUBLE (Groundball, 5L)
Wayne Rose to third
Batting: SHB Bob Rogers 0-0: Ball
1-0: Foul Ball, location: 2F
1-1: Foul Ball, location: 2F
1-2: Foul Ball, location: 2F
1-2: SINGLE (Line Drive, 89S)
Wayne Rose scores
Luis Medina to third
Batting: RHB Brandon Cooper 0-0: Ball
1-0: Ball
2-0: Foul Ball, location: 2F
2-1: Ball
3-1: Fly out, F9 (Flyball, 9S)
Batting: LHB Juan Ríos 0-0: Called Strike
0-1: 3-RUN HOME RUN (Flyball, 89XD), Distance : 391 ft
Batting: RHB Ángel Bruno 0-0: Ball
1-0: Swinging Strike
Error on foul ball, E9
1-2: Ground out 6-3 (Groundball, 6M)
Top of the 2nd over - 4 run(s), 4 hit(s), 1 error(s), 0 left on base; Westwood 4 - Leupp 0
BOTTOM OF THE 2ND
Leupp Arrowheads batting - Pitching for Westwood Sixshooters : LHP John Fowler
Batting: LHB Jorge Mojica 0-0: Called Strike
0-1: Ball
1-1: Ball
2-1: Called Strike
2-2: Foul Ball, location: 2F
2-2: Ball
3-2: Foul Ball, location: 2F
3-2: Strikes out looking
Batting: LHB Mario Ramos 0-0: Ball
1-0: Called Strike
1-1: Fly out, F8 (Flyball, 8LM)
Batting: RHB Juan Salinas 0-0: Ball
1-0: Foul Ball, location: 2F
1-1: SINGLE (Line Drive, 9LS)
Batting: RHB Javier Vásquez 0-0: Swinging Strike
0-1: Ball
1-1: Swinging Strike
1-2: Fielders Choice at 2nd, U6 (Groundball, 6M)
Bottom of the 2nd over - 0 run(s), 1 hit(s), 0 error(s), 1 left on base; Westwood 4 - Leupp 0
TOP OF THE 3RD
Westwood Sixshooters batting - Pitching for Leupp Arrowheads : RHP Steve Brown
Batting: SHB Tim Moss 0-0: Ball
1-0: Called Strike
1-1: Ground out 4-3 (Groundball, 4)
Batting: RHB Barnett Armstrong 0-0: Ball
1-0: Ball
2-0: Called Strike
2-1: Swinging Strike
2-2: Ball
3-2: Foul Ball, location: 2F
3-2: Foul Ball, location: 2F
3-2: Base on Balls
Batting: RHB Wayne Rose 0-0: Ball
1-0: Foul Ball, location: 2F
1-1: Called Strike
1-2: Strikes out swinging
Batting: RHB Ronnie Cleveland 0-0: Ball
1-0: Called Strike
1-1: Swinging Strike
1-2: Foul Ball, location: 2F
1-2: Ball
2-2: Strikes out looking
Top of the 3rd over - 0 run(s), 0 hit(s), 0 error(s), 1 left on base; Westwood 4 - Leupp 0
BOTTOM OF THE 3RD
Leupp Arrowheads batting - Pitching for Westwood Sixshooters : LHP John Fowler
Batting: LHB Yun Yen 0-0: Ball
1-0: Called Strike
1-1: Swinging Strike
1-2: Fly out, F9 (Flyball, 9M)
Batting: RHB Gabriel Pérez 0-0: Ball
1-0: Foul Ball, location: 2F
1-1: Foul Ball, location: 2F
1-2: Ball
2-2: SINGLE (Line Drive, 6MD)
Batting: RHB John Moore 0-0: Ball
1-0: Ball
2-0: Called Strike
2-1: Swinging Strike
2-2: DOUBLE (Flyball, 7LM)
Gabriel Pérez to third
Runner from 3rd tries for Home, SAFE, no throw or cutoff
Batting: RHB Tamasaburo Kato 0-0: Called Strike
0-1: Ball
1-1: Swinging Strike
1-2: Foul Ball, location: 2F
1-2: Foul Ball, location: 2F
1-2: Ball
2-2: Strikes out swinging
Batting: RHB Juan Tapia 0-0: Ball
1-0: Foul Ball, location: 2F
1-1: Ball
2-1: Foul Ball, location: 2F
2-2: Ball
3-2: Foul Ball, location: 2F
3-2: Fly out, F2 (Popup, 23F)
Bottom of the 3rd over - 1 run(s), 2 hit(s), 0 error(s), 1 left on base; Westwood 4 - Leupp 1
TOP OF THE 4TH
Westwood Sixshooters batting - Pitching for Leupp Arrowheads : RHP Steve Brown
Batting: LHB Luis Medina 0-0: SINGLE (Line Drive, 78S)
Batting: SHB Bob Rogers 0-0: Called Strike
0-1: Ball
1-1: Called Strike
1-2: Ball
2-2: Strikes out swinging
Batting: RHB Brandon Cooper 0-0: Ball
1-0: Fly out, F8 (Line Drive, 8RM)
Batting: LHB Juan Ríos 0-0: SINGLE (Groundball, 34D)
Luis Medina to second
Runner from 2nd tries for 3rd, SAFE, throw made to third
Batting: RHB Ángel Bruno 0-0: Called Strike
0-1: Ball
1-1: Foul Ball, location: 2F
1-2: Ball
2-2: Fly out, F9 (Popup, 9S)
Top of the 4th over - 0 run(s), 2 hit(s), 0 error(s), 2 left on base; Westwood 4 - Leupp 1
BOTTOM OF THE 4TH
Leupp Arrowheads batting - Pitching for Westwood Sixshooters : LHP John Fowler
Batting: LHB Jorge Mojica 0-0: SINGLE (Groundball, 15) (infield hit)
Batting: LHB Mario Ramos 0-0: Foul Ball, location: 2F
0-1: Swinging Strike
0-2: Foul Ball, location: 2F
0-2: Fly out, F5 (Popup, 25F)
Batting: RHB Juan Salinas 0-0: Ball
1-0: DOUBLE (Flyball, 7M)
Jorge Mojica to third
Batting: RHB Javier Vásquez 0-0: Called Strike
0-1: Called Strike
0-2: Strikes out swinging
Batting: LHB Yun Yen 0-0: Ball
1-0: Called Strike
1-1: Ball
2-1: Ball
3-1: Foul Ball, location: 2F
3-2: Fly out, F8 (Flyball, 8RM)
Bottom of the 4th over - 0 run(s), 2 hit(s), 0 error(s), 2 left on base; Westwood 4 - Leupp 1
TOP OF THE 5TH
Westwood Sixshooters batting - Pitching for Leupp Arrowheads : RHP Steve Brown
Batting: SHB Tim Moss 0-0: Ball
1-0: Ball
2-0: Called Strike
2-1: Called Strike
2-2: Ball
3-2: SINGLE (Line Drive, 89S)
Batting: RHB Barnett Armstrong 0-0: Ball
1-0: Ball
2-0: Ball
3-0: Called Strike
3-1: Called Strike
3-2: Foul Ball, location: 2F
3-2: Foul Ball, location: 2F
3-2: Base on Balls
Tim Moss to second
Batting: RHB Wayne Rose 0-0: Called Strike
0-1: Ball
1-1: Ball
2-1: Ball
3-1: 3-RUN HOME RUN (Flyball, 7D), Distance : 386 ft
Pitching: RHP Johnny Wheeler
Batting: RHB Ronnie Cleveland 0-0: Ball
1-0: Ground out 5-3 (Groundball, 5S)
Batting: LHB Luis Medina 0-0: Fly out, F8 (Flyball, 8LM)
Batting: SHB Bob Rogers 0-0: Ball
1-0: Called Strike
1-1: Ball
2-1: Foul Ball, location: 2F
2-2: Foul Ball, location: 2F
2-2: Fly out, F7 (Line Drive, 7S)
Top of the 5th over - 3 run(s), 2 hit(s), 0 error(s), 0 left on base; Westwood 7 - Leupp 1
BOTTOM OF THE 5TH
Leupp Arrowheads batting - Pitching for Westwood Sixshooters : LHP John Fowler
Batting: RHB Gabriel Pérez 0-0: Called Strike
0-1: Ball
1-1: Foul Ball, location: 2F
1-2: Ball
2-2: Ball
3-2: Foul Ball, location: 2F
3-2: Foul Ball, location: 2F
3-2: Foul Ball, location: 2F
3-2: Base on Balls
Batting: RHB John Moore 0-0: Ball
1-0: Ball
2-0: Called Strike
2-1: Grounds into double play, 5-4-3 (Groundball, 56)
Batting: RHB Tamasaburo Kato 0-0: Called Strike
0-1: Swinging Strike
0-2: Ball
1-2: SINGLE (Line Drive, 6MD)
Batting: RHB Juan Tapia 0-0: Foul Ball, location: 2F
0-1: Ball
1-1: Ball
2-1: Ball
3-1: Fly out, F5 (Popup, 56S)
Bottom of the 5th over - 0 run(s), 1 hit(s), 0 error(s), 1 left on base; Westwood 7 - Leupp 1
TOP OF THE 6TH
Westwood Sixshooters batting - Pitching for Leupp Arrowheads : RHP Johnny Wheeler
Batting: RHB Brandon Cooper 0-0: Foul Ball, location: 2F
0-1: Ground out 1-3 (Groundball, 15)
Batting: LHB Juan Ríos 0-0: Called Strike
0-1: Foul Ball, location: 2F
0-2: Ball
1-2: Ball
2-2: Ball
3-2: Strikes out swinging
Batting: RHB Ángel Bruno 0-0: Ball
1-0: Called Strike
1-1: Ball
2-1: Swinging Strike
2-2: Strikes out swinging
Top of the 6th over - 0 run(s), 0 hit(s), 0 error(s), 0 left on base; Westwood 7 - Leupp 1
BOTTOM OF THE 6TH
Leupp Arrowheads batting - Pitching for Westwood Sixshooters : LHP John Fowler
Batting: LHB Jorge Mojica 0-0: Ball
1-0: Ball
2-0: Ball
3-0: Base on Balls
Pitching: LHP Jeremy Vance
Batting: LHB Mario Ramos 0-0: Called Strike
0-1: Grounds into double play, 6-4-3 (Groundball, 6)
Batting: RHB Juan Salinas 0-0: Foul Ball, location: 2F
0-1: Ball
1-1: Ball
2-1: Called Strike
2-2: Ball
3-2: Base on Balls
Batting: RHB Javier Vásquez 0-0: Ball
Juan Salinas is caught stealing 2nd base
Bottom of the 6th over - 0 run(s), 0 hit(s), 0 error(s), 0 left on base; Westwood 7 - Leupp 1
TOP OF THE 7TH
Westwood Sixshooters batting - Pitching for Leupp Arrowheads : RHP Johnny Wheeler
Pitching: RHP António Chávez
Batting: SHB Tim Moss 0-0: Called Strike
0-1: Called Strike
0-2: Ball
1-2: Strikes out looking
Batting: RHB Barnett Armstrong 0-0: Called Strike
0-1: Swinging Strike
0-2: Fly out, F9 (Flyball, 89M)
Batting: RHB Wayne Rose 0-0: Ball
1-0: Swinging Strike
1-1: Ball
2-1: Ball
3-1: SOLO HOME RUN (Flyball, 7LD), Distance : 352 ft
Batting: RHB Ronnie Cleveland 0-0: Called Strike
0-1: Ball
1-1: Ball
2-1: Ground out 4-3 (Groundball, 4M)
Top of the 7th over - 1 run(s), 1 hit(s), 0 error(s), 0 left on base; Westwood 8 - Leupp 1
BOTTOM OF THE 7TH
Leupp Arrowheads batting - Pitching for Westwood Sixshooters : LHP Jeremy Vance
Now at C: Martín Méndez
Batting: RHB Javier Vásquez 0-0: Ball
1-0: Bunt missed!
1-1: Fly out, F8 (Flyball, 8RS)
Batting: LHB Yun Yen 0-0: Swinging Strike
0-1: Foul Ball, location: 2F
0-2: Ball
1-2: Foul Ball, location: 2F
1-2: Strikes out swinging
Batting: RHB Gabriel Pérez 0-0: Swinging Strike
0-1: Swinging Strike
0-2: Ball
1-2: Strikes out looking
Bottom of the 7th over - 0 run(s), 0 hit(s), 0 error(s), 0 left on base; Westwood 8 - Leupp 1
TOP OF THE 8TH
Westwood Sixshooters batting - Pitching for Leupp Arrowheads : RHP António Chávez
Batting: LHB Luis Medina 0-0: SINGLE (Groundball, 6MD)
Pinch Hitting: RHB Jason Boyer 0-0: Foul Ball, location: 2F
0-1: Fly out, F3 (Popup, 3F)
Batting: RHB Martín Méndez 0-0: SINGLE (Groundball, 15S) (infield hit)
Luis Medina to second
Batting: LHB Juan Ríos 0-0: Ball
1-0: SINGLE (Groundball, 6MD)
Luis Medina to third
Martín Méndez to second
Batting: RHB Ángel Bruno 0-0: Ball
1-0: Ball
2-0: Called Strike
2-1: Foul Ball, location: 2F
2-2: Fly out, F4 (Popup, 4MD)
Batting: SHB Tim Moss 0-0: Ball
1-0: Ball
2-0: Foul Ball, location: 2F
2-1: Ball
3-1: Base on Balls
Luis Medina scores
Martín Méndez to third
Juan Ríos to second
Batting: RHB Barnett Armstrong 0-0: Called Strike
0-1: Called Strike
0-2: Ball
1-2: Ball
2-2: Strikes out looking
Top of the 8th over - 1 run(s), 3 hit(s), 0 error(s), 3 left on base; Westwood 9 - Leupp 1
BOTTOM OF THE 8TH
Leupp Arrowheads batting - Pitching for Westwood Sixshooters : LHP Jeremy Vance
Pitching: RHP Jorge Garza
Now in LF: Jason Boyer
Batting: RHB John Moore 0-0: Called Strike
0-1: Fly out, F6 (Popup, 6M)
Batting: RHB Tamasaburo Kato 0-0: Called Strike
0-1: Called Strike
0-2: Ball
1-2: Ball
2-2: Foul Ball, location: 2F
2-2: SINGLE (Line Drive, 78S)
Batting: RHB Juan Tapia 0-0: Grounds into double play, 5-4-3 (Groundball, 5)
Bottom of the 8th over - 0 run(s), 1 hit(s), 0 error(s), 0 left on base; Westwood 9 - Leupp 1
TOP OF THE 9TH
Westwood Sixshooters batting - Pitching for Leupp Arrowheads : RHP António Chávez
Batting: RHB Wayne Rose 0-0: Called Strike
0-1: Ball
1-1: Ball
2-1: Ball
3-1: Base on Balls
Batting: RHB Ronnie Cleveland 0-0: Swinging Strike
0-1: SINGLE (Line Drive, 78S)
Wayne Rose to second
Batting: LHB Luis Medina 0-0: Called Strike
0-1: Ball
1-1: Ball
2-1: SINGLE (Line Drive, 34)
Wayne Rose to third
Ronnie Cleveland to second
Batting: RHB Jason Boyer 0-0: Called Strike
0-1: Foul Ball, location: 2F
0-2: Ball
1-2: Ball
2-2: Foul Ball, location: 2F
2-2: Foul Ball, location: 2F
2-2: Ball
3-2: Base on Balls
Wayne Rose scores
Ronnie Cleveland to third
Luis Medina to second
Pitching: RHP Armando Galló
Batting: RHB Martín Méndez 0-0: Ball
1-0: Ball
2-0: Foul Ball, location: 2F
2-1: Ball
3-1: Foul Ball, location: 2F
3-2: Strikes out swinging
Batting: LHB Juan Ríos 0-0: Ball
1-0: Ball
2-0: Swinging Strike
2-1: SINGLE (Line Drive, 8LS)
Ronnie Cleveland scores
Luis Medina to third
Jason Boyer to second
Batting: RHB Ángel Bruno 0-0: Called Strike
0-1: Ball
1-1: Ball
2-1: Foul Ball, location: 2F
2-2: Fly out, F9 (Flyball, 9LM)
Runner from 3rd tags up, SCORES, throw made
Batting: SHB Tim Moss 0-0: Ball
1-0: Swinging Strike
1-1: Fly out, F6 (Popup, 56)
Top of the 9th over - 3 run(s), 3 hit(s), 0 error(s), 2 left on base; Westwood 12 - Leupp 1
BOTTOM OF THE 9TH
Leupp Arrowheads batting - Pitching for Westwood Sixshooters : RHP Jorge Garza
Batting: LHB Jorge Mojica 0-0: Called Strike
0-1: Ball
1-1: Foul Ball, location: 2F
1-2: Ground out 6-3 (Groundball, 6)
Batting: LHB Mario Ramos 0-0: Called Strike
0-1: Foul Ball, location: 2F
0-2: Strikes out swinging
Batting: RHB Juan Salinas 0-0: Swinging Strike
0-1: Ball
1-1: Ball
2-1: Fly out, F9 (Flyball, 9M)
Bottom of the 9th over - 0 run(s), 0 hit(s), 0 error(s), 0 left on base; Westwood 12 - Leupp 1
This league is powered by Out of the Park Baseball, the baseball management simulation game for PC, Mac and Linux
Saturday, July 25th, 2015 - OOTP Baseball 15.6 Build 34